 Dungeon Crawl Stone Soup version 0.19-a0-55-g7e720b0 (webtiles) character file.

15292 Duffy the Cleaver (level 11, 0/104 HPs)
             Began as a Minotaur Fighter on May 8, 2016.
             Was the Champion of Cheibriados.
             Succumbed to Karasique's ghost's poison
             ... on level 12 of the Dungeon.
             The game lasted 00:16:35 (12808 turns).

Duffy the Cleaver (Minotaur Fighter)               Turns: 12808, Time: 00:16:36

Health: 0/104      AC: 18    Str: 46    XL:     11   Next: 99%
Magic:  16/16      EV: 14    Int: 20    God:    Cheibriados [******]
Gold:   1141       SH: 13    Dex: 27    Spells: 1 memorised, 8 levels left

rFire  + + .     SeeInvis +     Y - +1 war axe (curse)
rCold  . . .     Gourm    +     T - +4 chain mail of Xaiph {Regen+}
rNeg   + . .     Faith    .     c - +0 shield
rPois  .         Spirit   .     (helmet restricted)
rElec  .         Dismiss  .     (no cloak)
rCorr  .         Reflect  .     w - +2 pair of gloves {Str+3}
SustAt .         Harm     .     (no boots)
MR     .....                    X - amulet of the gourmand
Stlth  ..........               W - ring "Tyntate" {+Blink rF++ rN+ Dex-4 SInv}
                                t - +5 ring of dexterity

@: mighty, lethally poisoned (0 -> -12), slowed, glowing, very slow, not
resistant to hostile enchantments, extremely unstealthy
A: retaliatory headbutt, horns 2
a: Bend Time, Temporal Distortion, Slouch, Step From Time, Renounce Religion,
Evoke Blink


You were on level 12 of the Dungeon.
You worshipped Cheibriados.
Cheibriados was exalted by your worship.
You were completely stuffed.

You visited 2 branches of the dungeon, and saw 13 of its levels.
You also visited: Ice Cave.

You collected 1141 gold pieces.


Innate Abilities, Weirdness & Mutations

You reflexively headbutt those who attack you in melee.
You have a pair of horns on your head.


   Skills:
 + Level 12.1 Fighting
 + Level 14.3 Axes
 + Level 8.1 Armour
 + Level 6.3 Dodging
 - Level 3.6 Shields
 - Level 8.0 Invocations


You had 8 spell levels left.
You knew the following spells:

 Your Spells              Type           Power        Failure   Level  Hunger
a - Blink                 Tloc           N/A          100%        2    ###....

Inventory:

Hand Weapons
 Y - a cursed +1 war axe (weapon)
Missiles
 S - 27 poisoned needles
Armour
 c - a +0 shield (worn)
 w - a +2 pair of gloves of strength (worn)
 J - a +3 chain mail of cold resistance
 T - the +4 chain mail of Xaiph (worn) {Regen+}

   It increases your rate of regeneration.
Rods
 G - a +0 rod of inaccuracy (14/14)
Jewellery
 t - a +5 ring of dexterity (left hand)
 u - an uncursed ring of fire
 M - an uncursed ring of fire
 Q - an uncursed ring of sustain attributes
 V - an uncursed ring of positive energy
 W - the ring "Tyntate" (right hand) {+Blink rF++ rN+ Dex-4 SInv}

   [ring of positive energy]

   It affects your dexterity (-4).
   It greatly protects you from fire.
   It protects you from negative energy.
   It lets you see invisible.
   It lets you blink.
 X - an amulet of the gourmand (around neck)
Wands
 n - a wand of iceblast (13/15)
 o - a wand of flame (29/48)
 p - a wand of confusion (18/48)
 v - a wand of lightning (5/15)
 x - a wand of iceblast (6/15)
 y - a wand of flame (27/48)
 z - a wand of acid (6/15)
 L - a wand of teleportation (3/9)
Scrolls
 b - a scroll of vulnerability {unknown}
 d - 3 scrolls of blinking {unknown}
 e - 6 scrolls of teleportation {unknown}
 h - 2 scrolls of magic mapping {unknown}
 i - 5 scrolls of remove curse
 j - 3 scrolls of noise {unknown}
 k - 3 scrolls of fear {unknown}
 m - a scroll of immolation {unknown}
 r - 4 scrolls of random uselessness {unknown}
 A - a scroll of amnesia {unknown}
 H - 5 scrolls of fog {unknown}
 K - a scroll of recharging {unknown}
 N - 3 scrolls of enchant armour {unknown}
 U - 6 scrolls of identify
Potions
 l - a potion of resistance
 q - 9 potions of curing
 s - a potion of mutation {unknown}
 B - a potion of invisibility
 E - a potion of beneficial mutation {unknown}
 F - a potion of cancellation
 I - 2 potions of brilliance
 O - 2 potions of agility
 R - a potion of heal wounds
Comestibles
 f - 10 bread rations
 g - 8 meat rations
 C - a fruit
 D - a royal jelly

Dungeon Overview and Level Annotations

Branches:
Dungeon (12/15)            Temple (1/1) D:7            Lair (0/8) D:10
    Orc (0/2) D:11

Altars:
Ashenzari
Cheibriados
Dithmenos
Elyvilon
Fedhas
Gozag
Kikubaaqudgha
Makhleb
Nemelex Xobeh
Okawaru
Pakellas
Qazlal
Ru
Sif Muna
Trog
Vehumet
Xom
Yredelemnul
Zin
The Shining One

Shops:
D:8 %

Annotations:
D:12 Karasique's ghost, journeyman GrAM


Message History

Karasique's ghost hits you.
You are poisoned.
You block Karasique's ghost's attack.
The titanic slime creature barely misses you.
You feel sick.
Karasique's ghost gestures at you while chanting.
You resist with significant effort.
A titanic slime creature splits.
Karasique's ghost hits you but does no damage.
You are more poisoned.
The very large slime creature hits you.
You feel very sick.
The very large slime creature hits you but does no damage.
Karasique's ghost hits you.
You are more poisoned.
A large slime creature splits.
The hill giant misses you. You furiously retaliate!
You headbutt the hill giant!! Karasique's ghost casts a spell at you.
You feel as though you will be slow longer.
The very large slime creature completely misses you.
You furiously retaliate!
You headbutt the very large slime creature!!
You slice the very large slime creature!!
You headbutt the very large slime creature!
The very large slime creature is heavily wounded.
You closely miss Karasique's ghost. You hit the hill giant.
The hill giant is almost dead.
You slice the slime creature!!
The slime creature is severely wounded.
You slash the slime creature!
The slime creature is moderately wounded.
You feel sick. The slime creature hits you! The hill giant misses you.
You furiously retaliate!
You headbutt the hill giant.
You block the very large slime creature's attack.
Karasique's ghost hits you.
You are lethally poisoned!
The slime creature hits you.
The slime creature hits you but does no damage.
You slice the very large slime creature!!
You headbutt the very large slime creature, but do no damage.
The very large slime creature is heavily wounded.
You slash Karasique's ghost!
Karasique's ghost is lightly damaged.
You slash the hill giant!
You kill the hill giant!
Cheibriados appreciates the change of pace.
You completely miss the slime creature.
The slime creature is heavily wounded.
You slash the slime creature!
The slime creature is severely wounded.
You die...

.#....##.#...##............#.##..
.#....##.#...##............#.##..
.#....##.#...##............#.##..
.#....##.'...##............#.##..
##.......###########'#######.....
####.........................#+##
...#.###.....................#...
...#.# #.......JJJ...........#...
...#.# #........@W...........#...
...'.# #.........)...........#...
...#.# #.........###'#####...#...
...#.###.....................#...
...#.....................[...#...
##.#....................)))..#.##
.#.######################'####.##
.#. .............#. .#.
.............#.


You could see a very large slime creature, 2 slime creatures and Karasique's
ghost.

Action                   |  1- 3 |  4- 6 |  7- 9 | 10-12 || total
-------------------------+-------+-------+-------+-------++-------
Melee: War axe           |    55 |    89 |   349 |   287 ||   780
       Headbutt          |     3 |    13 |    79 |   102 ||   197
  Use: Potion            |     1 |       |       |     1 ||     2
       Scroll            |       |       |       |    11 ||    11
  Eat: Chunk             |       |     3 |    17 |    14 ||    34
       Pizza             |       |       |       |     2 ||     2
Armor: Scale mail        |    22 |       |       |       ||    22
       Chain mail        |     3 |    40 |   139 |   111 ||   293
Dodge: Dodged            |    18 |    22 |    73 |   126 ||   239
Block: Shield            |    30 |    39 |   164 |   212 ||   445

Notes
Turn   | Place    | Note
--------------------------------------------------------------
     0 | D:1      | Duffy the Minotaur Fighter began the quest for the Orb.
     0 | D:1      | Reached XP level 1. HP: 19/19 MP: 0/0
   199 | D:2      | Reached skill level 3 in Axes
   268 | D:3      | Reached XP level 2. HP: 23/26 MP: 1/1
   435 | D:3      | Reached skill level 4 in Axes
   463 | D:4      | Noticed a phantom
   817 | D:4      | Noticed a scorpion
   824 | D:4      | Killed a scorpion
   824 | D:4      | Reached skill level 5 in Axes
   824 | D:4      | Reached XP level 3. HP: 24/31 MP: 2/2
   824 | D:4      | Reached XP level 4. HP: 30/39 MP: 3/3
   827 | D:4      | Reached skill level 6 in Axes
   834 | D:4      | Reached XP level 5. HP: 37/45 MP: 4/4
   917 | D:4      | Got a faintly humming chain mail
   928 | D:4      | Identified the cursed +1 chain mail of Paranoia {*Drain rElec rN+ Str+4} (You found it on level 4 of the Dungeon)
   953 | D:4      | Reached skill level 7 in Axes
  1034 | D:4      | Reached XP level 6. HP: 41/51 MP: 5/5
  1301 | D:4      | Reached skill level 8 in Axes
  1696 | D:5      | Entered Level 5 of the Dungeon
  1857 | D:5      | Reached skill level 9 in Axes
  2107 | D:6      | Reached XP level 7. HP: 4/57 MP: 6/6
  2441 | D:6      | Reached skill level 10 in Axes
  2769 | D:6      | Reached skill level 11 in Axes
  2775 | D:6      | Reached XP level 8. HP: 57/64 MP: 7/7
  2895 | D:6      | Found a shimmering altar of Xom.
  3000 | D:5      | Noticed Blork the orc
  3004 | D:5      | Killed Blork the orc
  3534 | D:4      | Reached skill level 12 in Axes
  3771 | D:5      | Found an opulent altar of Gozag.
  4075 | D:6      | Found a runed door.
  4105 | D:6      | Found a runed door.
  4167 | D:6      | Found a shimmering altar of Xom.
  4557 | D:7      | Reached skill level 13 in Axes
  4684 | D:7      | Reached XP level 9. HP: 67/70 MP: 8/8
  4752 | D:7      | Found a staircase to the Ecumenical Temple.
  4758 | Temple   | Entered the Ecumenical Temple
  4913 | Temple   | Became a worshipper of Cheibriados the Contemplative
  5081 | D:6      | Reached skill level 14 in Axes
  5377 | D:1      | Reached * piety under Cheibriados
  5969 | D:2      | Reached skill level 4 in Fighting
  6261 | D:2      | Reached ** piety under Cheibriados
  6496 | D:3      | Reached skill level 1 in Dodging
  6500 | D:3      | Reached skill level 4 in Armour
  7381 | D:6      | Reached *** piety under Cheibriados
  7445 | D:7      | Reached skill level 2 in Dodging
  7529 | D:7      | Found a blossoming altar of Fedhas.
  7530 | D:7      | Found a burning altar of Makhleb.
  7589 | D:7      | Reached skill level 5 in Fighting
  7627 | D:7      | Reached skill level 5 in Armour
  7627 | D:7      | Reached skill level 3 in Dodging
  8094 | D:8      | Found Rileret's Food Emporium.
  8241 | D:8      | Noticed Amnesiac's ghost (novice DEWz)
  8249 | D:8      | Killed Amnesiac's ghost
  8249 | D:8      | Reached skill level 6 in Fighting
  8249 | D:8      | Reached skill level 6 in Armour
  8249 | D:8      | Reached skill level 4 in Dodging
  8396 | D:8      | Reached **** piety under Cheibriados
  8396 | D:8      | Reached XP level 10. HP: 84/84 MP: 9/9
  8530 | D:8      | Got a polished chain mail
  8543 | D:8      | Identified the +4 chain mail of Xaiph {Regen+} (You found it on level 8 of the Dungeon)
  9255 | D:8      | Reached skill level 5 in Dodging
  9403 | D:9      | Reached skill level 7 in Fighting
  9569 | D:9      | Reached skill level 7 in Armour
  9673 | D:9      | Reached ***** piety under Cheibriados
  9730 | D:9      | Reached skill level 1 in Invocations
  9844 | D:9      | Reached skill level 8 in Fighting
  9844 | D:9      | Reached skill level 2 in Invocations
  9901 | D:9      | Reached skill level 3 in Invocations
  9912 | D:9      | Reached skill level 9 in Fighting
 10134 | D:9      | Reached skill level 4 in Invocations
 10192 | D:10     | Entered Level 10 of the Dungeon
 10232 | D:10     | Found a staircase to the Lair.
 10512 | D:10     | Reached skill level 5 in Invocations
 10512 | D:10     | Reached XP level 11. HP: 95/99 MP: 13/13
 11043 | D:11     | Reached skill level 10 in Fighting
 11054 | D:11     | Found a frozen archway.
 11065 | IceCv    | Entered an ice cave
 11068 | IceCv    | Reached skill level 6 in Invocations
 11142 | IceCv    | Reached ****** piety under Cheibriados
 11350 | IceCv    | Reached skill level 11 in Fighting
 11354 | IceCv    | Reached skill level 7 in Invocations
 11374 | IceCv    | Noticed an ice dragon
 11375 | IceCv    | Noticed an ice dragon
 11386 | IceCv    | Killed an ice dragon
 11389 | IceCv    | Killed an ice dragon
 11634 | IceCv    | Got a warped pewter ring
 11808 | IceCv    | Identified the ring "Tyntate" {+Blink rF++ rN+ Dex-4 SInv} (You found it in an ice cave)
 11950 | D:11     | Found a staircase to the Orcish Mines.
 11961 | D:11     | Noticed a brown ugly thing
 11967 | D:11     | Killed a brown ugly thing
 11967 | D:11     | Reached skill level 8 in Invocations
 12384 | D:12     | Learned a level 2 spell: Blink
 12441 | D:12     | Reached skill level 6 in Dodging
 12609 | D:12     | Reached skill level 12 in Fighting
 12636 | D:12     | Reached skill level 8 in Armour
 12796 | D:12     | Noticed a hill giant
 12796 | D:12     | Noticed Karasique's ghost (journeyman GrAM)
 12808 | D:12     | Killed a hill giant
 12808 | D:12     | Succumbed to Karasique's ghost's poison

Skill      XL: |  1  2  3  4  5  6  7  8  9 10 11 |
---------------+----------------------------------+-----
Axes           | 3 5 6 7 9 11 13 14 | 14.3
Fighting       | 6 9 12 | 12.1
Dodging        | 4 5 6 |  6.3
Armour         | 6 7 8 |  8.1
Invocations    | 5 8 |  8.0
Shields        | |  3.6

Vault maps used:
D:1:      minmay_arrival_open_corners
D:4:      amalloy_card_club
D:5:      wad_woods_pond, nicolae_gozag_seed_capital, first_bread,
          hangedman_decor_growths, uniq_blork_the_orc
D:6:      lemuel_insect_pit, nicolae_overflow_hidden_temple, basic_altar
D:7:      gammafunk_temple_overflow_pools, temple_statues
D:8:      serial_shops, shop
D:10:     erik_lair_orcish_takeover
D:11:     orc_0_dummy, portal_ice_cave_entry_ice_beasts, the_bakery,
          minmay_misc_feat_rows
Temple:   nicolae_temple_elliptical
IceCv:    ice_cave_small_dragons

Vanquished Creatures
  2 ice dragons
  A hill giant
  An ugly thing
  The ghost of Amnesiac the Destroyer, a novice DEWz of Vehumet
  A centaur zombie
  2 ice statues
  2 trolls
  A two-headed ogre
  A spriggan
  A steam dragon
  A wraith
  10 yaks
  A wyvern
  A hippogriff
  A hungry ghost
  3 wargs
  An orc warrior
  25 ice beasts
  5 sky beasts
  3 phantoms
  5 black bears
  3 ogres
  15 centaurs
  2 big kobolds Blork the orc
  6 giant frogs
  4 scorpions
  A water moccasin skeleton
  A wyvern skeleton
  8 killer bees
  3 wights
  3 howler monkeys
  4 crimson imps
  2 giant frog zombies
  A quasit
  2 jellies
  4 giant frog skeletons
  10 orc priests
  4 hounds
  13 orc wizards
  19 worker ants
  2 iguanas
  A killer bee zombie
  A hound skeleton
  A worker ant zombie
  12 gnolls
  9 adders
  A howler monkey skeleton
  3 shadow imps
  An ooze
  2 worms
  A dart slug
  4 giant geckos
  42 orcs
  12 giant cockroaches
  8 goblins
  6 hobgoblins
  21 jackals
  15 kobolds
  8 quokkas
  9 bats
  7 giant newts
  7 rats
348 creatures vanquished.
